 Dungeon Crawl Stone Soup version 0.23.0 (webtiles) character file.

Game seed: 11735718241116315398

0 MalarOregon the Caller (level 1, 0/13 HPs)
             Began as a Merfolk Summoner on Feb 15, 2019.
             Slain by a bat (1 damage)
             ... on level 1 of the Dungeon.
             The game lasted 00:00:41 (50 turns).

MalarOregon the Caller (Merfolk Summoner)             Turns: 50, Time: 00:00:42

Health: 0/13       AC:  2    Str:  8    XL:     1   Next: 10%
Magic:  2/3        EV: 13    Int: 14    God:
Gold:   0          SH:  0    Dex: 14    Spells: 3/4 levels left

rFire    . . .     SeeInvis .   (no weapon)
rCold    . . .     Gourm    .   (no shield)
rNeg     . . .     Faith    .   a - +0 robe
rPois    .         Spirit   .   (no helmet)
rElec    .         Reflect  .   (no cloak)
rCorr    .         Harm     .   (no gloves)
MR       .....                  (no boots)
Stlth    ++........             (no amulet)
HPRegen  0.04/turn              (no ring)
MPRegen  0.08/turn              (no ring)

@: no status effects
A: change form in water, swift swim, stealthy swim
a: no special abilities


You were on level 1 of the Dungeon.
You were not hungry.

You visited 1 branch of the dungeon, and saw 1 of its levels.

Inventory:

Armour
 a - a +0 robe (worn)
Comestibles
 e - a ration {!d}


   Skills:
 + Level 0.0 Fighting
 + Level 2.7 Dodging
 - Level 2.1 Stealth
 - Level 2.0 Spellcasting
 + Level 4.0 Summonings


You had 3 spell levels left.
You knew the following spells:

 Your Spells              Type           Power        Failure   Level  Hunger
a - Summon Small Mammal   Summ           ##..         4%          1    ##.....

Your spell library contained the following spells:

 Spells                   Type           Power        Failure   Level  Hunger
 Call Imp                 Summ           ##......     7%          2    ###....
 Call Canine Familiar     Summ           ##......     14%         3    ####...
 Summon Guardian Golem    Hex/Summ       #.......     30%         3    ####...
 Summon Ice Beast         Ice/Summ       #.......     71%         4    #####..
 Summon Lightning Spire   Summ/Air       #.......     71%         4    #####..


Dungeon Overview and Level Annotations

Branches:
Dungeon (1/15)

Altars:


Message History

Your bat hits the rat but does no damage.
Your bat hits the rat. The rat bites your bat.
Your bat closely misses the rat.
Your bat completely misses the rat.
The rat barely misses your bat.
Your bat hits the rat.
The rat dies!
Your bat hits the gnoll but does no damage.
The gnoll closely misses your bat.
Your bat barely misses the gnoll.
The gnoll closely misses your bat.
Your bat barely misses the gnoll.
The gnoll hits your bat with a +0 whip!
Your bat dies!
Your bat's corpse disappears in a puff of smoke!
You swap places.
Your rat barely misses the gnoll.
A hobgoblin comes into view. It is wielding a +0 club.
The gnoll closely misses your rat.
Your rat barely misses the gnoll.
A frilled lizard comes into view.
The gnoll hits your rat with a +0 whip.
Your rat dies!
Your rat's corpse disappears in a puff of smoke!
A kobold comes into view. It is wielding a +0 short sword.
The hobgoblin shouts!
You hear an angry hiss.
Found 11 gold pieces.
The kobold throws a stone.
The stone hits you.
You see here a stone.
The kobold throws a stone.
The stone hits you but does no damage.
You see here a stone.
A bat comes into view.
The bat moves out of view.
Found a stone staircase leading down.
A bat comes into view.
The kobold hits you with a +0 short sword.
The frilled lizard bites you.
The bat moves out of view.
The bat hits you.
You closely miss the bat. The bat barely misses you.
The kobold closely misses you. The bat barely misses you.
The frilled lizard closely misses you.
The kobold hits you with a +0 short sword.
* * * LOW HITPOINT WARNING * * *
The bat barely misses you.
Found 26 stones and a scroll labeled YFI ZORISU.
A rat comes into view.
The bat hits you.
* * * LOW HITPOINT WARNING * * *
The rat moves out of view.
A hobgoblin comes into view.
The bat barely misses you. The bat hits you.
* * * LOW HITPOINT WARNING * * *
The bat hits you.
You die...

.. ... .. ..^ #g#
#.# .... ... ....
....# #?#.#.#.#.
................#
....#.#.#.#.#.#.#
#............#
##.#@#.#.#.#.#
.##
#...b........#
#..
##.#.#.#.#.#.#
..#
#...Klg......#
#.# ##.#.#.#.#.##
$.# #.....g.....#
#g# ##.#.#.#.#.##
#.# #........$..#
#.# ##.#.#.#.#.##


You could see a gnoll, a hobgoblin (sleeping), a bat, a kobold and a frilled
lizard.

Vanquished Creatures (collateral kills)
  A rat (D:1)
1 creature vanquished.

Notes
Turn   | Place    | Note
-------+----------+-------------------------------------------
     0 | D:1      | MalarOregon the Merfolk Summoner began the quest for the
                  | Orb.
     0 | D:1      | Reached XP level 1. HP: 13/13 MP: 3/3
    50 | D:1      | Slain by a bat

Action                   || total
-------------------------++-------
Melee: Unarmed           ||     1
 Cast: Summon Small Mamm ||     4
Dodge: Dodged            ||     6
